 Dungeon Crawl Stone Soup version 0.27-a0-1049-g450f9b2e0d (webtiles) character file.

Game seed: 8059730304107239170

193 tilp the Sneak (level 5, -2/29 HPs)
             Began as a Vine Stalker Brigand on Apr 20, 2021.
             Frozen to death by an endoplasm (4 damage)
             ... on level 4 of the Dungeon.
             The game lasted 00:04:54 (3130 turns).

tilp the Sneak (Vine Stalker Brigand)               Turns: 3130, Time: 00:04:54

Health: -2/29      AC:  9    Str: 13    XL:     5   Next: 72%
Magic:  0/6        EV: 10    Int: 11    God:
Gold:   112        SH:  0    Dex: 17    Spells: 4/4 levels left

rFire    . . .     SeeInvis .   a - +3 dagger
rCold    . . .     Faith    .   (no shield)
rNeg     . . .     Spirit   +   l - +0 ring mail
rPois    .         Reflect  .   j - +1 helmet
rElec    .         Harm     .   c - +1 cloak
rCorr    .         Rampage  .   (no gloves)
Will     .....                  (no boots)
Stlth    ++........             (no amulet)
HPRegen  1.09/turn              k - ring of flight
MPRegen  0.10/turn              (no ring)

@: flying
A: fangs 2, regeneration 1, magic shield, antimagic bite, no potion heal 2
a: no special abilities


You were on level 4 of the Dungeon.
You visited 1 branch of the dungeon, and saw 4 of its levels.

You collected 112 gold pieces.

Inventory:

Hand Weapons
 a - a +3 dagger (weapon)
 b - a +2 short sword of draining
Missiles
 d - 16 poisoned darts (quivered)
 e - 2 curare-tipped darts {!f}
Armour
 c - a +1 cloak (worn)
 j - a +1 helmet (worn)
 l - a +0 ring mail (worn)
 m - a +1 leather armour of cold resistance
Jewellery
 k - a ring of flight (left hand)
Scrolls
 f - 3 scrolls of teleportation
Potions
 g - a potion of berserk rage {unknown}
 h - 2 potions of lignification {unknown}
 i - 2 potions of degeneration {unknown}
 n - 2 potions of curing {unknown}


   Skills:
 + Level 3.8 Fighting
 + Level 3.9 Short Blades
 - Level 1.7 Throwing
 - Level 0.7 Dodging
 - Level 4.8 Stealth


You had 4 spell levels left.
You didn't know any spells.
Your spell library contained the following spells:

 Spells                   Type           Power      Damage    Failure   Level
 Magic Dart               Conj           0%         1d3       61%         1
 Searing Ray              Conj           0%         3d3       75%         2
 Dazzling Flash           Conj/Hex       0%         N/A       93%         3
 Fulminant Prism          Conj/Hex       0%         3d6       100%        4
 Iskenderun's Mystic Bla  Conj/Tloc      0%         2d3       100%        4


Dungeon Overview and Level Annotations

Branches:
Dungeon (4/15)
 Temple: D:4-7

Altars:
Elyvilon


Innate Abilities, Weirdness & Mutations

You have extremely sharp teeth.
Your natural rate of healing is unusually fast.
When hurt, damage is shared between your health and your magic reserves.
Your bite disrupts and absorbs the magic of your enemies.
Potions cannot restore your health.


Message History

You hit the orc priest.
The orc priest is moderately wounded.
The endoplasm closely misses you.
The orc priest hits you but does no damage.
You hit the orc priest. Your bite misses the orc priest.
The orc priest is severely wounded.
The endoplasm freezes you.
You are frozen.
The orc priest hits you but does no damage.
The orc hits you with a +0 club.
You completely miss the orc priest. You bite the orc priest.
You drain its power.
The orc priest is severely wounded.
The endoplasm hits you.
The orc priest mumbles some strange prayers to Beogh against you.
Beogh smites you!
You are too injured to fight recklessly!
Unknown command.
You are too injured to fight recklessly!
Unknown command.
You hit the orc priest but do no damage.
You bite the orc priest. You drain its power.
You feel invigorated.
The orc priest is almost dead.
The orc hits you with a +0 club.
* * * LOW HITPOINT WARNING * * *
You closely miss the orc priest.
You bite the orc priest, but do no damage.
The orc priest is almost dead.
The endoplasm freezes you.
You are frozen.
* * * LOW HITPOINT WARNING * * *
The orc priest mumbles some strange prayers to Beogh against you.
Beogh smites you!
* * * LOW HITPOINT WARNING * * *
The orc barely misses you.
You hit the orc priest.
You kill the orc priest!
The endoplasm freezes you.
You are frozen.
You die...

### ###### .# ## ####.#
#.#..#..# .#######.#..###
##.....B.#
..#..##.......###.....o..#
..<...##......##.J..###...
..##.......##....#...#
............#...##...#
...........###.)###.##
...........##..J@o...#
.........................
....................>..##
.......[#..............#
.......##..............#
.........................
.....................####
...................)..
............###..g.


You could see an orc and an endoplasm.

Vanquished Creatures
  An orc priest (D:4)
  A centaur skeleton (D:4)
  An iguana (D:4)
  7 adders
  A worm (D:2)
  A dart slug (D:1)
  An orc (D:3)
  3 ball pythons (D:3)
  8 endoplasms
  2 giant cockroaches
  7 hobgoblins
  7 jackals
  4 kobolds
  2 quokkas
  5 bats
  3 frilled lizards
  6 goblins
  8 rats
68 creatures vanquished.

Notes
Turn   | Place    | Note
-------+----------+-------------------------------------------
     0 | D:1      | tilp the Vine Stalker Brigand began the quest for the Orb.
     0 | D:1      | Reached XP level 1. HP: 11/11 MP: 2/2
   359 | D:1      | Found a faded altar of an unknown god.
   366 | D:1      | Reached XP level 2. HP: 15/15 MP: 3/3
  1068 | D:2      | Reached XP level 3. HP: 19/19 MP: 4/4
  1651 | D:2      | Gained mutation: Your natural rate of healing is unusually
                  | fast. [Vine Stalker growth]
  1651 | D:2      | Reached XP level 4. HP: 8/23 MP: 2/5
  2274 | D:3      | Found a white marble altar of Elyvilon.
  2410 | D:4      | Reached XP level 5. HP: 24/28 MP: 6/6
  3115 | D:4      | Noticed an orc warrior
  3129 | D:4      | HP: 1/29 [orc priest/divine providence (7)]
  3130 | D:4      | Frozen to death by an endoplasm

Illustrated notes

Levels and vault maps discovered:
D:1:      scummos_arrival_star, layout_basic, ebering_ecumenical_altar_rust,
          nrook_mini_vaults
D:2:      minmay_door_path, layout_loops_ring, mrwooster_statue_mirror
D:3:      layout_basic, lemuel_doored_altar, minivault_19
D:4:      layout_cave_pools

Skill      XL: |  1  2  3  4 |
---------------+-------------+-----
Fighting       | 2 3 |  3.8
Short Blades   | 2 3 |  3.9
Throwing       | |  1.7
Dodging        | |  0.7
Stealth        | |  4.8

Action                   |  1- 3 |  4- 6 || total
-------------------------+-------+-------++-------
Melee: Dagger            |    70 |    95 ||   165
       Bite              |    17 |    23 ||    40
Throw: Dart              |    13 |     3 ||    16
  Use: Scroll            |     1 |     3 ||     4
 Stab: Sleeping          |    13 |    15 ||    28
       Distracted        |       |     1 ||     1
Armor: Robe              |    20 |       ||    20
       Leather armour    |     2 |       ||     2
       Ring mail         |     1 |    19 ||    20
Dodge: Dodged            |    32 |    46 ||    78

Table legend: (Time is in decaauts)
 A = Elapsed time spent in this place.
 B = Non-inter-level travel time spent in this place.
 C = Inter-level travel time spent in this place.
 D = Time resting spent in this place.
 E = Time spent auto-exploring this place.
 F = Levels seen in this place.
 G = Mean time per level.
                   A        B        C        D        E       F      G
               +--------+--------+--------+--------+--------+-----+--------+
         Total |   3103 |   2910 |    193 |    234 |   2074 |   4 |  775.8 |
       Dungeon |   3103 |   2910 |    193 |    234 |   2074 |   4 |  775.8 |
               +--------+--------+--------+--------+--------+-----+--------+

Top non-repeatable levels by time:
     D:2: 1166 daAuts
     D:1: 960 daAuts
     D:3: 633 daAuts
     D:4: 344 daAuts
